MLB
MIAMI MARLINS @ NEW YORK METS
04/06/2044
 
TOP OF THE 1ST
Miami Marlins batting - Pitching for New York Mets : LHP Zachary DeVault
Pitching: LHP Zachary DeVault
Batting: RHB Jeff Garofalo 0-0: Called Strike
0-1: Ball
1-1: Called Strike
1-2: Ground out U3 (Groundball, 34S, EV 90.6 MPH)
Batting: RHB Micah Christopher 0-0: Ball
1-0: Ground out 5-3 (Groundball, 56, EV 85.6 MPH)
Batting: LHB Andre Gorter 0-0: Ball
1-0: Foul Ball, location: 2F
1-1: Foul Ball, location: 2F
1-2: Ball
2-2: Ball
3-2: Fly out, F7 (Flyball, 78S, EV 80.6 MPH)
Top of the 1st over - 0 runs, 0 hits, 0 errors, 0 left on base; Miami 0 - New York 0
BOTTOM OF THE 1ST
New York Mets batting - Pitching for Miami Marlins : LHP Mark Palomo
Pitching: LHP Mark Palomo
Batting: SHB Javy Rosa 0-0: Ball
1-0: Swinging Strike
1-1: Ball
2-1: Swinging Strike
2-2: Ground out 6-3 (Groundball, 6M, EV 86.9 MPH)
Batting: SHB Gus Berry 0-0: Ball
1-0: Foul Ball, location: 2F
1-1: Ball
2-1: Ball
3-1: Foul Ball, location: 2F
3-2: Foul Ball, location: 2F
3-2: Foul Ball, location: 2F
3-2: SINGLE (Line Drive, 7LS, EV 111.9 MPH)
Batting: SHB Sean Cook 0-0: Swinging Strike
0-1: Ball
1-1: Foul Ball, location: 2F
1-2: Ball
2-2: Ball
3-2: Foul Ball, location: 2F
3-2: DOUBLE (Groundball, 3L, EV 102.5 MPH)
Gus Berry to third
Gus Berry scores
Batting: SHB Jonathan Jenkins 0-0: Called Strike
0-1: Ball
1-1: Ball
2-1: DOUBLE (Line Drive, 89XD, EV 96.9 MPH)
Sean Cook scores
Batting: SHB Nelle van den Berg 0-0: Ball
1-0: SINGLE (Line Drive, 7LM, EV 91.9 MPH)
Jonathan Jenkins to third
Pitching: RHP Jonah Syndergaard
Batting: RHB Jeff Jank 0-0: Called Strike
0-1: Fly out, F6 (Flyball, 56D, EV 91.2 MPH)
Batting: SHB Kaname Fujimoto 0-0: Ball
1-0: Ball
2-0: Ball
3-0: Base on Balls
Nelle van den Berg to second
Batting: RHB Melchor Sovrivilla 0-0: Ball
1-0: Ground out 6-3 (Groundball, P, EV 85.0 MPH)
Bottom of the 1st over - 2 runs, 4 hits, 0 errors, 3 left on base; Miami 0 - New York 2
TOP OF THE 2ND
Miami Marlins batting - Pitching for New York Mets : LHP Zachary DeVault
Batting: RHB Jimmy Groseclose 0-0: Ball
1-0: Fly out, F7 (Flyball, 7, EV 80.0 MPH)
Batting: RHB Justin Huff 0-0: Swinging Strike
0-1: Ground out 5-3 (Groundball, 56, EV 103.8 MPH)
Batting: RHB Roger Salazar 0-0: Ball
1-0: Called Strike
1-1: Swinging Strike
1-2: Fly out, F8 (Flyball, 8RD, EV 80.6 MPH)
Top of the 2nd over - 0 runs, 0 hits, 0 errors, 0 left on base; Miami 0 - New York 2
BOTTOM OF THE 2ND
New York Mets batting - Pitching for Miami Marlins : RHP Jonah Syndergaard
Batting: SHB Scott Bartholomew 0-0: Foul Ball, location: 2F
0-1: Called Strike
0-2: Strikes out swinging
Batting: SHB Javy Rosa 0-0: Ball
1-0: Foul Ball, location: 2F
1-1: Fly out, F6 (Flyball, 5D, EV 86.2 MPH)
Batting: SHB Gus Berry 0-0: Ball
1-0: Swinging Strike
1-1: Called Strike
1-2: Strikes out swinging
Bottom of the 2nd over - 0 runs, 0 hits, 0 errors, 0 left on base; Miami 0 - New York 2
TOP OF THE 3RD
Miami Marlins batting - Pitching for New York Mets : LHP Zachary DeVault
Batting: RHB Seth Tramontano 0-0: Fly out, F4 (Popup, 4M, EV 63.1 MPH)
Batting: RHB Tommy Hughes 0-0: Swinging Strike
0-1: Ground out 4-3 (Groundball, 4, EV 81.2 MPH)
Batting: RHB Eric Jordan 0-0: Called Strike
0-1: Ball
1-1: Foul Ball, location: 2F
1-2: Ball
2-2: Ground out 3-1 (Groundball, 34S, EV 87.5 MPH)
Top of the 3rd over - 0 runs, 0 hits, 0 errors, 0 left on base; Miami 0 - New York 2
BOTTOM OF THE 3RD
New York Mets batting - Pitching for Miami Marlins : RHP Jonah Syndergaard
Batting: SHB Sean Cook 0-0: Ball
1-0: Ball
2-0: Ball
3-0: Called Strike
3-1: Called Strike
3-2: SINGLE (Line Drive, 34D, EV 98.1 MPH)
Batting: SHB Jonathan Jenkins 0-0: Ball
Pickoff Throw to First - Error! E1
Sean Cook to second
1-0: Fly out, F9 (Flyball, 89M, EV 88.8 MPH)
Batting: SHB Nelle van den Berg 0-0: SINGLE (Groundball, 4MD, EV 98.1 MPH)
Sean Cook to third
Runner from 3rd tries for Home, SAFE, throw by CF to home
Batting: RHB Jeff Jank 0-0: Ball
1-0: Ball
2-0: Foul Ball, location: 2F
2-1: Grounds out, U3 (Groundball, 3L, EV 88.1 MPH)
Batting: SHB Kaname Fujimoto 0-0: Ball
1-0: Called Strike
1-1: DOUBLE (Line Drive, 78XD, EV 101.2 MPH)
Nelle van den Berg scores
Batting: RHB Melchor Sovrivilla 0-0: Ball
1-0: Ground out 5-3 (Groundball, 56, EV 79.4 MPH)
Bottom of the 3rd over - 2 runs, 3 hits, 1 error, 1 left on base; Miami 0 - New York 4
TOP OF THE 4TH
Miami Marlins batting - Pitching for New York Mets : LHP Zachary DeVault
Batting: RHB Jeff Garofalo 0-0: Ball
1-0: Called Strike
1-1: Ball
2-1: Ground out 6-3 (Groundball, 6MS, EV 68.1 MPH)
Batting: RHB Micah Christopher 0-0: Ball
1-0: Ground out 6-3 (Groundball, 6, EV 95.6 MPH)
Batting: LHB Andre Gorter 0-0: Called Strike
0-1: Ball
1-1: Ball
2-1: Swinging Strike
2-2: Strikes out looking
Top of the 4th over - 0 runs, 0 hits, 0 errors, 0 left on base; Miami 0 - New York 4
BOTTOM OF THE 4TH
New York Mets batting - Pitching for Miami Marlins : RHP Jonah Syndergaard
Batting: SHB Scott Bartholomew 0-0: Ground out 6-3 (Groundball, 6, EV 78.8 MPH)
Batting: SHB Javy Rosa 0-0: Ball
1-0: Called Strike
1-1: Ground out 6-3 (Groundball, 6, EV 92.5 MPH)
Batting: SHB Gus Berry 0-0: Foul Ball, location: 2F
0-1: Fly out, F7 (Flyball, 78M, EV 93.1 MPH)
Bottom of the 4th over - 0 runs, 0 hits, 0 errors, 0 left on base; Miami 0 - New York 4
TOP OF THE 5TH
Miami Marlins batting - Pitching for New York Mets : LHP Zachary DeVault
Batting: RHB Jimmy Groseclose 0-0: Called Strike
0-1: Fly out, F9 (Flyball, 89S, EV 91.2 MPH)
Batting: RHB Justin Huff 0-0: Ball
1-0: Swinging Strike
1-1: Swinging Strike
1-2: SOLO HOME RUN (Line Drive, 78XD, EV 98.8 MPH), Distance : 392 ft
Batting: RHB Roger Salazar 0-0: Called Strike
0-1: Foul Ball, location: 2F
0-2: Strikes out swinging
Batting: RHB Seth Tramontano 0-0: Called Strike
0-1: Ball
1-1: Foul Ball, location: 2F
1-2: Strikes out swinging
Top of the 5th over - 1 run, 1 hit, 0 errors, 0 left on base; Miami 1 - New York 4
BOTTOM OF THE 5TH
New York Mets batting - Pitching for Miami Marlins : RHP Jonah Syndergaard
Batting: SHB Sean Cook 0-0: Called Strike
0-1: Fly out, F4 (Popup, 4M, EV 61.9 MPH)
Batting: SHB Jonathan Jenkins 0-0: Fly out, F9 (Flyball, BS7, EV 93.1 MPH)
Batting: SHB Nelle van den Berg 0-0: Ground out 6-3 (Groundball, 4MD, EV 96.9 MPH)
Bottom of the 5th over - 0 runs, 0 hits, 0 errors, 0 left on base; Miami 1 - New York 4
TOP OF THE 6TH
Miami Marlins batting - Pitching for New York Mets : LHP Zachary DeVault
Batting: RHB Tommy Hughes 0-0: Called Strike
0-1: Called Strike
0-2: Foul Ball, location: 2F
0-2: Strikes out swinging
Batting: RHB Eric Jordan 0-0: Ball
1-0: Called Strike
1-1: Ball
2-1: DOUBLE (Flyball, 89D, EV 98.1 MPH)
Batting: RHB Jeff Garofalo 0-0: Ball
1-0: Ball
2-0: Ball
3-0: Base on Balls
Batting: RHB Micah Christopher 0-0: Ball
1-0: 3-RUN HOME RUN (Flyball, 7D, EV 94.4 MPH), Distance : 369 ft
Batting: LHB Andre Gorter 0-0: Called Strike
0-1: Foul Ball, location: 2F
0-2: Foul Ball, location: 2F
0-2: Ground out U3 (Groundball, 3S, EV 84.4 MPH)
Batting: RHB Jimmy Groseclose 0-0: Called Strike
0-1: Ball
1-1: Fly out, F9 (Flyball, 9LM, EV 95.0 MPH)
Top of the 6th over - 3 runs, 2 hits, 0 errors, 0 left on base; Miami 4 - New York 4
BOTTOM OF THE 6TH
New York Mets batting - Pitching for Miami Marlins : RHP Jonah Syndergaard
Batting: RHB Jeff Jank 0-0: Ball
1-0: Foul Ball, location: 2F
1-1: Swinging Strike
1-2: Ball
2-2: Foul Ball, location: 2F
2-2: Ball
3-2: Foul Ball, location: 2F
3-2: Foul Ball, location: 2F
3-2: Foul Ball, location: 2F
3-2: Foul Ball, location: 2F
3-2: Fly out, F2 (Popup, 5SF, EV 84.4 MPH)
Batting: SHB Kaname Fujimoto 0-0: Ball
1-0: Ball
2-0: Ball
3-0: Called Strike
3-1: Fly out, F7 (Line Drive, 7, EV 89.4 MPH)
Batting: RHB Melchor Sovrivilla 0-0: Ball
1-0: Foul Ball, location: 2F
1-1: Foul Ball, location: 2F
1-2: Ground out 5-3 (Groundball, 56S, EV 89.4 MPH)
Bottom of the 6th over - 0 runs, 0 hits, 0 errors, 0 left on base; Miami 4 - New York 4
TOP OF THE 7TH
Miami Marlins batting - Pitching for New York Mets : LHP Zachary DeVault
Batting: RHB Justin Huff 0-0: Ball
1-0: Ground out 3-1 (Groundball, 34S, EV 91.9 MPH)
Batting: RHB Roger Salazar 0-0: Called Strike
0-1: Foul Ball, location: 2F
0-2: SINGLE (Line Drive, 7LS, EV 101.2 MPH)
Batting: RHB Seth Tramontano 0-0: Called Strike
0-1: Ball
1-1: Fly out, F8 (Line Drive, 8RM, EV 91.9 MPH)
Batting: RHB Tommy Hughes 0-0: Fly out, F8 (Line Drive, 8LD, EV 86.9 MPH)
Top of the 7th over - 0 runs, 1 hit, 0 errors, 1 left on base; Miami 4 - New York 4
BOTTOM OF THE 7TH
New York Mets batting - Pitching for Miami Marlins : RHP Jonah Syndergaard
Batting: SHB Scott Bartholomew 0-0: Called Strike
0-1: Foul Ball, location: 2F
0-2: SINGLE (Groundball, 6D, EV 103.8 MPH)
Batting: SHB Javy Rosa 0-0: Called Strike
0-1: Ball
1-1: Ball
2-1: Ball
3-1: Ground out 6-3 (Groundball, 4M, EV 110.0 MPH)
Scott Bartholomew to second
Batting: SHB Gus Berry 0-0: Hit by Pitch
Batting: SHB Sean Cook 0-0: Swinging Strike
0-1: Called Strike
0-2: Strikes out swinging
Batting: SHB Jonathan Jenkins 0-0: Ball
1-0: Called Strike
1-1: SINGLE (Line Drive, 89S, EV 90.0 MPH)
Scott Bartholomew to third
Gus Berry to second
Runner from 3rd tries for Home, SAFE, throw by RF to home
Batting: SHB Nelle van den Berg 0-0: Ball
1-0: Called Strike
1-1: SINGLE (Line Drive, 56D, EV 107.5 MPH)
Gus Berry to third
Jonathan Jenkins to second
Runner from 3rd tries for Home, SAFE, throw by LF to home
Batting: RHB Jeff Jank 0-0: Called Strike
0-1: Foul Ball, location: 2F
0-2: Strikes out swinging
Bottom of the 7th over - 2 runs, 3 hits, 0 errors, 2 left on base; Miami 4 - New York 6
TOP OF THE 8TH
Miami Marlins batting - Pitching for New York Mets : LHP Zachary DeVault
Batting: RHB Eric Jordan 0-0: Ball
1-0: Ground out 6-3 (Groundball, 6, EV 83.1 MPH)
Batting: RHB Jeff Garofalo 0-0: Called Strike
0-1: Ball
1-1: Ball
2-1: Fly out, F9 (Line Drive, 9, EV 95.0 MPH)
Batting: RHB Micah Christopher 0-0: Ball
1-0: SINGLE (Line Drive, 56, EV 100.0 MPH)
Batting: LHB Andre Gorter 0-0: Called Strike
0-1: Ball
1-1: Fly out, F6 (Popup, 6MD, EV 56.2 MPH)
Top of the 8th over - 0 runs, 1 hit, 0 errors, 1 left on base; Miami 4 - New York 6
BOTTOM OF THE 8TH
New York Mets batting - Pitching for Miami Marlins : RHP Jonah Syndergaard
Batting: SHB Kaname Fujimoto 0-0: Hit by Pitch
Batting: RHB Melchor Sovrivilla 0-0: 2-RUN HOME RUN (Flyball, 78XD, EV 97.5 MPH), Distance : 382 ft
Pitching: RHP Jose Ramirez
Batting: SHB Scott Bartholomew 0-0: Called Strike
0-1: Fly out, F9 (Flyball, 89M, EV 90.6 MPH)
Batting: SHB Javy Rosa 0-0: Called Strike
0-1: Ball
1-1: Foul Ball, location: 2F
1-2: Foul Ball, location: 2F
1-2: Ball
2-2: SINGLE (Groundball, 34D, EV 110.0 MPH)
Batting: SHB Gus Berry 0-0: Ball
1-0: Foul Ball, location: 2F
1-1: Fly out, F5 (Popup, 5L, EV 65.0 MPH)
Batting: SHB Sean Cook 0-0: Fly out, F3 (Line Drive, 3, EV 73.1 MPH)
Bottom of the 8th over - 2 runs, 2 hits, 0 errors, 1 left on base; Miami 4 - New York 8
TOP OF THE 9TH
Miami Marlins batting - Pitching for New York Mets : LHP Zachary DeVault
Batting: RHB Jimmy Groseclose 0-0: Called Strike
0-1: Swinging Strike
0-2: Ball
1-2: Foul Ball, location: 2F
1-2: Ball
2-2: Foul Ball, location: 2F
2-2: Ball
3-2: Strikes out swinging
Batting: RHB Justin Huff 0-0: Ground out 5-3 (Groundball, 56S, EV 81.2 MPH)
Batting: RHB Roger Salazar 0-0: Ball
1-0: Called Strike
1-1: Called Strike
1-2: Ball
2-2: Fly out, F4 (Flyball, 4D, EV 85.6 MPH)
Top of the 9th over - 0 runs, 0 hits, 0 errors, 0 left on base; Miami 4 - New York 8
Thursday, March 31st , 2022 - OOTP Baseball 22.12 Build 89